Match 24937370
Unlisted

Match 24937370
End
Selects Luftwaffe Battlegroup
Selects Luftwaffe Pioneer Support
Fallschirmpioneer Squad Paradrop
Construct Infanterie Kompanie
Grenadier Squad
Grenadier Squad
MG 42 Machine Gun Team
Selects Stuka Strafing Run
Stuka Strafing Run
Construct Panzergrenadier Kompanie
Medical Bunker
Selects Fallschirmjäger Squad Paradrop
Selects LG40 Recoilless Gun Paradrop
Fallschirmjäger Squad Paradrop
Panzergrenadier Squad
Stuka Strafing Run
Pak 40 Anti-tank Gun Team
d.va858
MECHACHIS A.K.A. CARAMBANOS ♡
SneaKerz
gb_gbg
0
0

Comments sign in to comment!

No comments posted yet!